 Dungeon Crawl Stone Soup version 0.27.1-33-g824d729ab1 (webtiles) character file.

Game seed: 10902628244065114424

1491 zeram the Spear-Bearer (level 8, -5/52 (58) HPs)
             Began as a Merfolk Fighter on Dec 14, 2021.
             Slain by a gnoll sergeant (8 damage)
             ... on level 5 of the Dungeon.
             The game lasted 00:14:27 (8246 turns).

zeram the Spear-Bearer (Merfolk Fighter)            Turns: 8246, Time: 00:14:28

HP:   -5/52 (58)    AC:  9    Str: 17    XL:     8   Next: 80%
MP:   0/8           EV:  9    Int:  9    God:
Gold: 251           SH: 10    Dex: 13    Spells: 7/7 levels left

rFire    . . .     SeeInvis .   a - +0 trident (vamp)
rCold    . . .     Faith    .   c - +0 kite shield
rNeg     . . .     Spirit   .   b - +0 scale mail
rPois    .         Reflect  .   k - +1 helmet
rElec    .         Harm     .   (no cloak)
rCorr    .         Rampage  .   (no gloves)
Will     .....                  (no boots)
Stlth    ..........             (no amulet)
HPRegen  0.17/turn              (no ring)
MPRegen  0.11/turn              (no ring)

@: about to teleport, studying Armour, heavily drained
A: (nimble swimmer 2), mertail
a: no special abilities


You were on level 5 of the Dungeon.
You visited 1 branch of the dungeon, and saw 6 of its levels.

You collected 251 gold pieces.

Inventory:

Hand Weapons
 a - a +0 vampiric trident (weapon)
Armour
 b - a +0 scale mail (worn)
 c - a +0 kite shield (worn)
 i - a +0 robe
 j - a +2 buckler
 k - a +1 helmet (worn)
Wands
 d - a wand of flame (18)
 g - a wand of paralysis (6)
Scrolls
 e - a scroll of identify
 h - a scroll of amnesia


   Skills:
 - Level 3.2 Fighting
 + Level 10.1 Polearms
 + Level 5.7 Armour
 + Level 4.8 Dodging
 + Level 5.7 Shields


You had 7 spell levels left.
You didn't know any spells.
Your spell library contained the following spells:

 Spells                   Type           Power      Damage    Failure   Level
 Animate Skeleton         Necr           0%         N/A       99%         1
 Apportation              Tloc           0%         N/A       99%         1
 Pain                     Necr           0%         1d4       99%         1
 Dazzling Flash           Conj/Hex       0%         N/A       100%        3
 Vampiric Draining        Necr           0%         2d6       100%        3
 Iskenderun's Mystic Bla  Conj/Tloc      0%         2d3       100%        4
 Alistair's Intoxication  Tmut/Pois      0%         N/A       100%        5
 Invisibility             Hex            0%         N/A       100%        6
 Starburst                Conj/Fire      0%         6d3       100%        6


Dungeon Overview and Level Annotations

Branches:
Dungeon (6/15)
 Temple: D:4-7

Altars:
Elyvilon
Xom

Shops:
D:1 [!?(=


Innate Abilities, Weirdness & Mutations

((You are quick and stealthy near water. (Stealth+, EV+, Speed+++)))
Your lower body shifts to a powerful aquatic tail in water.


Message History

The gnoll hits you with a +1 halberd of freezing!
The gnoll freezes you.
You closely miss the gnoll.
The gnoll is heavily wounded.
You block the gnoll sergeant's attack. The gnoll hits you but does no damage.
You hit the gnoll.
You feel better.
The gnoll is severely wounded.
You block the gnoll sergeant's attack. You block the gnoll's attack.
You barely miss the gnoll.
The gnoll is heavily wounded.
The gnoll sergeant closely misses you. You block the gnoll's attack.
You hit the gnoll.
You feel better.
The gnoll is almost dead.
You block the gnoll sergeant's attack. The gnoll barely misses you.
You closely miss the gnoll.
The gnoll is almost dead.
The gnoll sergeant hits you with a +5 antimagic spear.
You feel your power leaking away.
The gnoll hits you with a +1 halberd of freezing.
The gnoll freezes you.
You hit the gnoll but do no damage.
The gnoll is almost dead.
The gnoll sergeant barely misses you. You block the gnoll's attack.
You hit the gnoll.
You kill the gnoll!
The gnoll sergeant hits you with a +5 antimagic spear!
* * * LOW HITPOINT WARNING * * *
You feel your power leaking away.
You barely miss the gnoll sergeant.
The gnoll sergeant hits you with a +5 antimagic spear.
* * * LOW HITPOINT WARNING * * *
Unknown command.
Okay, then.
You feel better. You block the gnoll sergeant's attack.
As you read the scroll of teleportation, it crumbles to dust.
You feel strangely unstable.
The gnoll sergeant hits you with a +5 antimagic spear!
* * * LOW HITPOINT WARNING * * *
The gnoll sergeant hits you from afar with a +5 antimagic spear!
You die...

######.....##..#.................
#.........##...##..............##
...........##..##................
.........##.#...###..............
..............#.##.....#......8..
........#.....#......)##.........
.....##.#..............#.........
..#.##.[#.##.....................
..........####g>@................
..........## #)).#....##........#
.....<.....###...#.....#.....#..#
........)..##......###...........
#.##...............#.............
....##...##......................
.....#..####...........Z.........
........# #...........Z@<........
#....#..# #............Z.........


You could see a gnoll sergeant.

Vanquished Creatures
  Sigmund (D:2)
  Eustachio (D:5)
  2 hornet zombies (D:5)
  An ice beast (D:5)
  A black bear (D:4)
  A wyvern zombie (D:5)
  2 scorpions
  3 water moccasin skeletons
  2 bullfrog zombies (D:5)
  2 hounds (D:4)
  An orc priest (D:4)
  A bullfrog skeleton (D:5)
  Ijyb (D:4)
  A killer bee zombie (D:5)
  A hound zombie (D:5)
  A howler monkey zombie (D:5)
  A howler monkey skeleton (D:5)
  3 gnolls (D:5)
  8 adders
  A white imp (D:4)
  2 ufetubi (D:5)
  An adder skeleton (D:4)
  4 worms
  3 dart slugs
  6 orcs
  7 endoplasms
  9 giant cockroaches
  7 goblins
  7 hobgoblins
  7 jackals (D:2)
  2 quokkas (D:3)
  13 ball pythons
  6 bats
  6 frilled lizards
  7 kobolds
  5 rats
127 creatures vanquished.

Vanquished Creatures (others)
  3 withered plants (D:5)
3 creatures vanquished.

Grand Total: 130 creatures vanquished

Notes
Turn   | Place    | Note
-------+----------+-------------------------------------------
     0 | D:1      | zeram the Merfolk Fighter began the quest for the Orb.
     0 | D:1      | Reached XP level 1. HP: 18/18 MP: 1/1
   108 | D:1      | Reached XP level 2. HP: 19/24 MP: 2/2
   213 | D:1      | Found Kumoew's Antique Weapon Shop.
   504 | D:1      | Found Biopte's Armour Shop.
   533 | D:1      | Found Adgheavi's Magic Scroll Emporium.
   556 | D:1      | Found Dashecin's Distillery.
   607 | D:1      | Reached XP level 3. HP: 28/29 MP: 3/3
   609 | D:1      | Reached skill level 4 in Polearms
   905 | D:1      | Found Caigrymm's Jewellery Shoppe.
  1051 | D:2      | Reached XP level 4. HP: 35/35 MP: 4/4
  1110 | D:2      | Noticed Sigmund
  1194 | D:1      | Reached skill level 5 in Polearms
  1401 | D:2      | Killed Sigmund
  1402 | D:2      | Reached skill level 6 in Polearms
  1402 | D:2      | Reached XP level 5. HP: 41/41 MP: 5/5
  1402 | D:2      | Reached XP level 6. HP: 47/47 MP: 6/6
  1889 | D:2      | Identified a scroll of acquirement
  1889 | D:2      | Acquired a manual of Armour
  1951 | D:2      | Found a faded altar of an unknown god.
  2132 | D:3      | Found a white marble altar of Elyvilon.
  2237 | D:3      | Reached skill level 7 in Polearms
  3249 | D:4      | Reached XP level 7. HP: 45/52 MP: 7/7
  3318 | D:4      | Reached skill level 8 in Polearms
  3655 | D:5      | Entered Level 5 of the Dungeon
  3658 | D:5      | Noticed Ijyb
  4018 | D:4      | Paralysed by Ijyb for 4 turns
  4031 | D:4      | Killed Ijyb
  4798 | D:5      | Reached skill level 9 in Polearms
  4798 | D:5      | Reached XP level 8. HP: 39/58 MP: 8/8
  5013 | D:5      | Found a shimmering altar of Xom.
  5082 | D:5      | Noticed Eustachio
  5364 | D:5      | Reached skill level 5 in Shields
  7400 | D:5      | Reached skill level 5 in Armour
  7733 | D:5      | Killed Eustachio
  7734 | D:5      | Reached skill level 10 in Polearms
  8246 | D:5      | Slain by a gnoll sergeant

Illustrated notes

Levels and vault maps discovered:
D:1:      dpeg_arrival_brainrot, layout_basic, serial_shops,
          nicolae_shop_behind_doors, nicolae_shop_waterfront, shop,
          shop_fountains, nicolae_shop_stone, hangedman_decor_push,
          st_stairs_11, serial_bayou_crossing
D:2:      layout_loops_cross, shapermc_ecumenical_altar_petra, uniq_sigmund
D:3:      layout_rooms, elyvilon_altar_1, corexii_item_surrounded_by_moat
D:4:      layout_cave_pools, minmay_hedge_maze, minivault_26
D:5:      layout_cave_pools, xom_teletrap_fun, serial_undead, serial_undead_e,
          serial_undead_a, serial_undead_b, serial_undead_d,
          gup_sewer_entry_bowl, uniq_eustachio, uniq_ijyb
D:6:      layout_basic, nicolae_dithmenos_shadow_blocks,
          minmay_temple_entry_overgrown, serial_shops, shop,
          serial_corexii_hall, corexii_hall_statues_u, corexii_hall_statues_i,
          uniq_grinder, uniq_pikel

Skill      XL: |  1  2  3  4  5  6  7  8 |
---------------+-------------------------+-----
Polearms       | 4 6 7 9 10 | 10.1
Dodging        | 2 3 4 |  4.8
Shields        | 4 5 |  5.7
Armour         | 3 4 5 |  5.7
Fighting       | |  3.2

Action                   |  1- 3 |  4- 6 |  7- 9 || total
-------------------------+-------+-------+-------++-------
Melee: Trident           |   122 |   179 |   383 ||   684
Evoke: Wand              |       |       |     2 ||     2
  Use: Scroll            |     4 |     9 |     4 ||    17
       Potion            |       |     3 |     5 ||     8
Armor: Scale mail        |    60 |    67 |   201 ||   328
       Skin              |       |       |    47 ||    47
Dodge: Dodged            |    30 |    55 |   191 ||   276
Block: Kite shield       |    51 |    70 |   262 ||   383
